 Dungeon Sprint DCSS version 0.28.0-43-g3370ac3207 (webtiles) character file.

Game seed: 15812812564664037268

174 boopmooplesden the Cleaver (level 5, -4/56 HPs)
             Began as a Minotaur Berserker on Mar 1, 2022.
             Was a Follower of Trog.
             Slain by a necrophage (6 damage)
             ... in the Dungeon (Sprint II: "The Violet Keep of Menkaure").
             The game lasted 00:00:15 (18 turns).

boopmooplesden the Cleaver (Minotaur Berserker)       Turns: 18, Time: 00:00:15

Health: -4/56      AC:  2    Str: 23    XL:     5   Next: 28%
Magic:  4/4        EV: 12    Int:  4    God:    Trog [*.....]
Gold:   0          SH:  0    Dex: 10    Spells: 4/4 levels left

rFire   . . .      SeeInvis .   a - +0 hand axe
rCold   . . .      Faith    .   (no shield)
rNeg    . . .      Spirit   .   b - +0 animal skin
rPois   .          Reflect  .   (helmet restricted)
rElec   .          Harm     .   (no cloak)
rCorr   .          Rampage  .   (no gloves)
Will    .....      NoTele   +   (no boots)
Stlth   +.........              (no amulet)
HPRegen 0.18/turn               (no ring)
MPRegen 0.09/turn               (no ring)

@: on berserk cooldown, slowed, very slow
A: horns 2, retaliatory headbutt
a: Renounce Religion, Berserk


You were in the Dungeon.
You worshipped Trog.
Trog was aware of your devotion.
You visited 1 branch

Inventory:

Hand Weapons
 a - a +0 hand axe (weapon)
Armour
 b - a +0 animal skin (worn)
Scrolls
 h - a scroll of blinking
Potions
 c - a potion of curing
 d - a potion of heal wounds
 e - a potion of haste
 f - 2 potions of magic
 g - a potion of berserk rage


   Skills:
 + Level 8.8 Fighting
 + Level 9.6 Axes
 + Level 4.3 Armour
 + Level 3.8 Dodging


You had 4 spell levels left.
You didn't know any spells.
Your spell library was empty.

Dungeon Overview and Level Annotations

Branches:
Dungeon (1/1)

Altars:


Innate Abilities, Weirdness & Mutations

You have a pair of horns on your head.
You reflexively headbutt those who attack you in melee.


Message History

Trog accepts your kill.
Your life force feels restored.
Your Fighting skill gained 4 levels and is now at level 7!
Your Axes skill gained 4 levels and is now at level 7!
Your Armour skill increases to level 3!
Your Dodging skill increases to level 3!
You have reached level 2!
You have reached level 3!
Your experience leads to an increase in your attributes!
Increase (S)trength, (I)ntelligence, or (D)exterity?
You feel stronger. x2
You have reached level 4!
You feel agile. The necrophage hits you.
* * * LOW HITPOINT WARNING * * *
You feel drained.
* * * LOW HITPOINT WARNING * * *
There is an open door, spattered with blood here.
You slash the necrophage! You headbutt the necrophage.
You destroy the necrophage!
Trog accepts your kill.
You hit the necrophage. The necrophage hits you.
* * * LOW HITPOINT WARNING * * *
Your life force feels restored.
Your Fighting skill increases to level 8!
Your Axes skill gained 2 levels and is now at level 9!
Your Armour skill increases to level 4!
You have reached level 5!
You slash the necrophage!
The necrophage is heavily damaged.
You closely miss the necrophage. Your headbutt misses the necrophage.
The necrophage is heavily damaged.
You are no longer berserk.
You are exhausted.
You feel yourself slow down. The necrophage barely misses you.
You furiously retaliate!
You headbutt the necrophage. You hit the necrophage.
The necrophage is severely damaged.
The necrophage hits you.
You die...

## ##
##. .##
#.. ..#
#n#.# #
#n# .#
##@##l#
+.<.+#
##.##l#
#+# .#
#


You could see 2 necrophages.

Vanquished Creatures
  2 necrophages (D)
2 creatures vanquished.

Notes
Turn   | Place    | Note
-------+----------+-------------------------------------------
     0 | D        | boopmooplesden the Minotaur Berserker began the quest for
                  | the Orb.
     0 | D        | Reached XP level 1. HP: 19/19 MP: 0/0
     1 | D        | Noticed a wyvern
     1 | D        | Noticed a wyvern
     4 | D        | Noticed a necrophage
     4 | D        | Noticed a necrophage
     4 | D        | Noticed a necrophage
     4 | D        | Noticed a necrophage
    12 | D        | Killed a necrophage
    13 | D        | Reached skill level 7 in Axes
    13 | D        | Reached XP level 2. HP: 8/34 MP: 1/1
    13 | D        | Reached XP level 3. HP: 10/39 MP: 2/2
    13 | D        | Reached XP level 4. HP: 12/47 MP: 3/3
    14 | D        | Killed a necrophage
    14 | D        | HP: 2/69 [necrophage (3)]
    15 | D        | Reached skill level 9 in Axes
    15 | D        | Reached XP level 5. HP: 3/56 MP: 4/4
    18 | D        | Slain by a necrophage

Illustrated notes

Levels and vault maps discovered:
D:        the_violet_keep_of_menkaure [sprint2_stairs_cluster_1,
          sprint2_shoproom, sprint2_temple, sprint2_basic_supplies,
          sprint2_obstacle_2, sprint2_obstacle_4, sprint2_obstacle_3,
          sprint2_obstacle_6, sprint2_obstacle_1, sprint2_timed_cluster_1,
          sprint2_smallroom_cluster_1, sprint2_smallroom_final_cluster_1,
          sprint2_transparent_cluster_1, sprint2_second_timed_cluster_1,
          sprint2_sniper_area_1, sprint2_heavy_combat_area_1,
          sprint2_mutation_trap_area_1, sprint2_forest_area_1,
          sprint2_light_combat_area_1, sprint2_behind_water_1,
          sprint2_near_end_vault_1]

Skill      XL: |  1  2  3  4 |
---------------+-------------+-----
Fighting       | 7 8 |  8.8
Axes           | 7 9 |  9.6
Armour         | 3 4 |  4.3
Dodging        | 3 |  3.8

Action                   |  1- 3 |  4- 6 || total
-------------------------+-------+-------++-------
Melee: Hand axe          |     5 |     4 ||     9
       Headbutt          |       |     1 ||     1
Invok: Berserk           |     1 |       ||     1
Dodge: Dodged            |     4 |     1 ||     5
